 Dungeon Crawl Stone Soup version 0.20-a0-991-g93344ec (webtiles) character file.

21 Murumi the Sneak (level 2, 0/22 HPs)
             Began as a Naga Enchanter on Apr 11, 2017.
             Slain by an adder (4 damage)
             ... on level 1 of the Dungeon.
             The game lasted 00:03:54 (1340 turns).

Murumi the Sneak (Naga Enchanter)                   Turns: 1340, Time: 00:03:55

Health: 0/22       AC:  1    Str:  8 (10) XL:     2   Next: 87%
Magic:  5/5        EV: 10    Int: 13 (15) God:
Gold:   27         SH:  0    Dex:  9 (11) Spells: 4/5 levels left

rFire    + . .     SeeInvis +   g - +0 dagger (speed)
rCold    . . .     Gourm    .   (no shield)
rNeg     . . .     Faith    .   b - +0 robe
rPois    +         Spirit   .   (no helmet)
rElec    .         Reflect  .   (no cloak)
rCorr    .         Harm     .   (no gloves)
MR       .....                  (no barding)
Stlth    ++........             (no amulet)
Regen    0.1/turn               e - ring of protection from fire
MPRegen  0.1/turn               (no ring)

@: lethally poisoned (0 -> -3), short of breath, very slow
A: see invisible, deformed body, poison resistance, slowness 2, slow metabolism
1, spit poison 1, AC +0
a: Spit Poison


You were on level 1 of the Dungeon.
You were hungry.

You visited 1 branch of the dungeon, and saw 1 of its levels.

You collected 27 gold pieces.

Inventory:

Hand Weapons
 a - a +1 dagger
 g - a +0 dagger of speed (weapon)
Armour
 b - a +0 robe (worn)
Jewellery
 e - a ring of protection from fire (left hand)
Books
 c - a book of Maledictions

   Spells                             Type                      Level
   a - Corona                         Hexes                        1
   b - Ensorcelled Hibernation        Hexes/Ice                    2
   c - Confuse                        Hexes                        3
   d - Tukima's Dance                 Hexes                        3
   e - Dazzling Spray                 Conjuration/Hexes            3
Comestibles
 d - a bread ration


   Skills:
 - Level 1.0 Short Blades
 + Level 2.7 Dodging
 - Level 4.4 Stealth
 - Level 2.0 Spellcasting
 - Level 3.0 Hexes


You had 4 spell levels left.
You knew the following spells:

 Your Spells              Type           Power        Failure   Level  Hunger
a - Corona                Hex            #......      10%         1    ##.....


Dungeon Overview and Level Annotations

Branches:
Dungeon (1/15)

Altars:
Okawaru


Innate Abilities, Weirdness & Mutations

You cannot wear boots.
Your serpentine skin is tough. (AC +0)
You have supernaturally acute eyesight. (SInv)
Armour fits poorly on your strangely shaped body.
Your system is resistant to poisons. (rPois)
You cover ground very slowly.
You have a slow metabolism.
You can spit poison.


Message History

The adder is heavily wounded.
You feel sick. The adder barely misses you.
Press: ? - help, Shift-Dir - straight line, f - adder
Aim: an adder (heavily wounded)
The splash of poison hits the adder.
The adder is severely wounded.
You feel slightly more hungry. The adder closely misses you.
You are feeling hungry.
You closely miss the adder.
The adder is severely wounded.
The adder barely misses you.
You barely miss the adder.
The adder is severely wounded.
The adder bites you.
* * * LOW HITPOINT WARNING * * *
You miss the adder.
The adder is severely wounded.
* * * LOW HITPOINT WARNING * * *
You feel sick. The adder bites you.
You die...

#.................#.....#
##.......####...........##
.........# #...........#
.........# #...........#
.........# #...........#
..###########...........#
..# #......K.........# #.#
#.#####S#........#
#.########.#####@#..S.....#
...............#.#........#
######'#######.#.#........#
.............#.#.# ..
.###########.#.#.# .
.#.........#.#.#.#
.#.###.###.#.#.#.#
.#.#.....#.#.#.#.#
...#..<..#...#...#


You could see an adder and a kobold.

Vanquished Creatures
  A dart slug (D:1)
  A leopard gecko (D:1)
  3 goblins (D:1)
  5 hobgoblins (D:1)
  3 bats (D:1)
  A frilled lizard (D:1)
  A kobold (D:1)
  2 rats (D:1)
17 creatures vanquished.

Notes
Turn   | Place    | Note
-------+----------+-------------------------------------------
     0 | D:1      | Murumi the Naga Enchanter began the quest for the Orb.
     0 | D:1      | Reached XP level 1. HP: 15/15 MP: 3/3
   350 | D:1      | Reached XP level 2. HP: 11/22 MP: 5/5
   617 | D:1      | Found an iron altar of Okawaru.
  1340 | D:1      | Slain by an adder

Vault maps used:
D:1:      matt_arrival_refuge, grunt_decor_clamped, okawaru_ov_weapons_minmay

Skill      XL: |  1 |
---------------+----+-----
Dodging        | 2 |  2.7
Short Blades   | |  1.0
Stealth        | |  4.4
Spellcasting   | |  2.0
Hexes          | |  3.0

Action                   || total
-------------------------++-------
Melee: Dagger            ||    73
 Abil: Spit Poison       ||    19
  Use: Scroll            ||     3
       Potion            ||     1
 Stab: Sleeping          ||     1
  Eat: Chunk             ||     1
Armor: Robe              ||    13
Dodge: Dodged            ||    43
